 Seeded DCSS version 0.29.1-15-g9cfb28693d (webtiles) character file.

Game seed: 12947039438745426135 (custom seed)

1620 Psyclone the Tainter (level 8, 0/54 HPs)
             Began as an Octopode Venom Mage on Sept 20, 2023.
             Was an Initiate of Gozag.
             Shot with a bolt by an orc warrior (1 damage)
             ... on level 7 of the Dungeon.
             The game lasted 00:24:18 (8280 turns).

Psyclone the Tainter (Octopode Venom Mage)          Turns: 8280, Time: 00:24:18

Health: 0/54       AC:  1    Str:  5    XL:     8   Next: 96%
Magic:  8/17       EV: 15    Int: 29    God:    Gozag
Gold:   262        SH:  0    Dex: 18    Spells: 12/19 levels left

rFire   . . .      SeeInvis .   b - +5 spear of Resourcefulness {speed, Dex+3}
rCold   + . .      Faith    .   (no shield)
rNeg    + . .      Spirit   .   (helmet restricted)
rPois   .          Reflect  .   (no amulet)
rElec   .          Harm     .   y - ring "Xesoecapt" {rC+ rN+ Str-2 Int+9 Dex+3}
rCorr   .          Rampage  .   (no ring)
Will    .....                   (no ring)
Stlth   +++.......              (no ring)
HPRegen 0.18/turn               (no ring)
MPRegen 0.15/turn               (no ring)
                                (no ring)
                                (no ring)

@: gold aura, very slightly contaminated, studying Unarmed Combat
A: almost no armour, amphibious, 8 rings, camouflage 1, gelatinous body 1,
(nimble swimmer 1), tentacles
a: Renounce Religion, Potion Petition, Call Merchant, Bribe Branch


You were on level 7 of the Dungeon.
You worshipped Gozag.
Gozag was aware of your devotion.
You visited 2 branches of the dungeon, and saw 8 of its levels.
You also visited: Sewer.

You collected 1104 gold pieces.
You spent 761 gold pieces at shops.
You paid 81 gold pieces to Gozag.

Inventory:

Hand Weapons
 b - the +5 spear of Resourcefulness (weapon) {speed, Dex+3}
   (You found it on level 1 of the Dungeon)

   Attacks with this weapon are significantly faster.
   Dex:       It affects your dexterity (+3).
Magical Staves
 f - a staff of conjuration
Jewellery
 y - the ring "Xesoecapt" (left tentacle) {rC+ rN+ Str-2 Int+9 Dex+3}
   (You bought it in a shop on level 1 of the Dungeon)

   [ring of protection from cold]

   Str:       It affects your strength (-2).
   Int:       It affects your intelligence (+9).
   Dex:       It affects your dexterity (+3).
   rC:        It protects you from cold.
   rN:        It protects you from negative energy.
Wands
 m - a wand of light (3)
 t - a wand of flame (23)
Scrolls
 c - 3 scrolls of identify {@r1}
 d - a scroll of brand weapon {unknown}
 h - a scroll of blinking {unknown}
 l - a scroll of summoning {unknown}
 o - a scroll of immolation {unknown}
 q - a scroll of poison {unknown}
 r - 2 scrolls of enchant weapon
 s - a scroll of acquirement {unknown}
 u - a scroll of torment {unknown}
 v - 2 scrolls of teleportation
 x - 2 scrolls of magic mapping
 z - a scroll of amnesia
Potions
 a - 3 potions of magic
 e - a potion of might {unknown}
 g - a potion of cancellation {unknown}
 i - 6 potions of brilliance {unknown}
 j - 2 potions of degeneration {unknown}
 k - 3 potions of heal wounds {unknown}
 n - 3 potions of lignification {unknown}
 p - a potion of resistance {unknown}
 w - 2 potions of curing


   Skills:
 + Level 3.9 Fighting
 + Level 4.5 Dodging
 - Level 2.6 Stealth
 - Level 6.0 Spellcasting
 - Level 1.0 Transmutations
 - Level 9.0 Poison Magic


You had 12 spell levels left.
You knew the following spells:

 Your Spells              Type           Power      Damage    Failure   Level
a - Poisonous Vapours     Pois/Air       68%        N/A       1%          2
v - Sting                 Tmut/Pois      100%       1d8       1%          1
x - Olgreb's Toxic Radia  Pois           57%        N/A       1%          4

Your spell library contained the following spells:

 Spells                   Type           Power      Damage    Failure   Level
 Mephitic Cloud           Conj/Pois/Air  26%        N/A       4%          3
 Foxfire                  Conj/Fire      32%        2x1d5     5%          1
 Sandblast                Erth           16%        2d6       5%          1
 Shock                    Conj/Air       32%        1d5       5%          1
 Passwall                 Tmut/Erth      9%         N/A       7%          2
 Static Discharge         Conj/Air       8%         3-4/arc   9%          2
 Conjure Flame            Conj/Fire      8%         6-21      17%         3
 Inner Flame              Hex/Fire       8%         N/A       17%         3
 Stone Arrow              Conj/Erth      16%        3d8       17%         3
 Swiftness                Air            8%         N/A       17%         3
 Airstrike                Air            4%         2d(1-17)  50%         4
 Dispel Undead            Necr           8%         3d8       50%         4
 Flame Wave               Conj/Fire      8%         2d5       50%         4
 Sticky Flame             Conj/Fire      8%         2d3       50%         4
 Summon Ice Beast         Ice/Summ       8%         N/A       50%         4
 Summon Mana Viper        Hex/Summ       8%         N/A       83%         5
 Monstrous Menagerie      Summ           4%         N/A       100%        7


Dungeon Overview and Level Annotations

Branches:
Dungeon (7/15) Zot: 26789  Temple (1/1) D:4 Zot: 5989   Sewer (visited)

Altars:
Ashenzari
Cheibriados
Dithmenos
Elyvilon
Fedhas
Gozag
Kikubaaqudgha
Makhleb
Nemelex Xobeh
Okawaru
Qazlal
Ru
Sif Muna
Trog
Vehumet
Wu Jian
Xom
Yredelemnul
Zin
The Shining One

Shops:
D:1 =   D:2 :   D:3 *


Innate Abilities, Weirdness & Mutations

You cannot wear most types of armour.
You are amphibious.
You can wear up to eight rings at the same time.
Your skin changes colour to match your surroundings (Stealth+).
Your rubbery body absorbs attacks. (AC +1, EV +1)
((You are camouflaged when in or above water. (Stealth+)))
You have tentacles for arms and can constrict up to eight enemies at once.


Message History

Aim: an orc warrior, wielding a +0 halberd and wearing a +0 chain mail (lightly wounded, constricted by you, poisoned)
You miscast Poisonous Vapours.
You are very lightly contaminated with residual magic.
Nothing appears to happen.
The orc warrior looks even sicker.
The orc looks even sicker.
Your toxic aura wanes.
You constrict the orc warrior, but do no damage.
You kill the orc!
The orc warrior barely misses you.
You now have 11/17 mp.
Casting: Poisonous Vapours (safe; 1% risk of failure)
Confirm with . or Enter, or press ? or * to list all spells.
Aiming: Poisonous Vapours (safe; 1% risk of failure)
Press: ? - help, Dir - move target, f/p - orc warrior
Aim: an orc warrior, wielding a +0 halberd and wearing a +0 chain mail (moderately wounded, constricted by you, very poisoned) Poisonous vapours surround the orc warrior!
The orc warrior looks as sick as possible!
You constrict the orc warrior, but do no damage.
The orc warrior misses you.
You now have 9/17 mp.
Casting: Poisonous Vapours (safe; 1% risk of failure)
Confirm with . or Enter, or press ? or * to list all spells.
Aiming: Poisonous Vapours (safe; 1% risk of failure)
Press: ? - help, Dir - move target, f/p - orc warrior
Aim: an orc warrior, wielding a +0 halberd and wearing a +0 chain mail (moderately wounded, constricted by you, extremely poisoned) Poisonous vapours surround the orc warrior!
The orc warrior looks as sick as possible!
You constrict the orc warrior.
The orc warrior hits you with a +0 halberd.
You take 4 damage, and have 20/54 hp.
You now have 7/17 mp.
You release your grip on the orc warrior.
An orc comes into view. It is wielding a +0 falchion.
The orc warrior hits you from afar with a +0 halberd!!
* * * LOW HITPOINT WARNING * * *
The orc shouts!
You take 19 damage, and have 1/54 hp.
MASSIVE DAMAGE!!
The orc warrior unwields a +0 halberd.
The orc warrior wields a +0 arbalest.
The orc warrior shoots a bolt.
The bolt hits you.
You die...
Your body crumbles into a pile of gold.

##..#..#..#...# #
####..###...###..# ..
##......#..#..#...## ...
#<.####...###...#..#
...#.#.## ##.## ##.###.#
..###.###...###......#
...#.#.###..#..#..#...##
..... #.oo...###...###..#
.#....$.####@.#..#..#...#
######. ##...###...#.# ##
##.## ###(..#
#.####...### #......###
####.### #.# #.# #.#


You could see an orc warrior (extremely poisoned) and an orc.

Vanquished Creatures
  Grinder (D:5)
  Edmund (D:5)
  2 ogres (D:5)
  A bullfrog (D:6)
  2 necrophages
  3 killer bees (D:6)
  4 howler monkeys
  2 hounds
  3 jellies
  4 iguanas
  An orc priest (D:6)
  Natasha (thrice) (D:3)
  An orc wizard (D:6)
  A hell rat (Sewer)
  14 adders
  2 river rats (Sewer)
  A white imp (D:5)
  An ufetubus (D:6)
  2 dart slugs
  13 orcs
  10 ball pythons
  5 bats
  3 endoplasms
  8 giant cockroaches
  5 goblins
  6 hobgoblins
  8 jackals
  9 kobolds
  2 quokkas
  2 frilled lizards (D:2)
  11 rats
131 creatures vanquished.

Notes
Turn   | Place    | Note
-------+----------+-------------------------------------------
     0 | D:1      | Psyclone the Octopode Venom Mage began the quest for the
                  | Orb.
     0 | D:1      | Reached XP level 1. HP: 11/11 MP: 3/3
   184 | D:1      | Reached skill level 4 in Poison Magic
   189 | D:1      | Reached XP level 2. HP: 16/17 MP: 1/5
   280 | D:1      | Found a faded altar of an unknown god.
   285 | D:1      | Identified the +5 spear of Resourcefulness {speed, Dex+3}
   335 | D:2      | Learned a level 2 spell: Poisonous Vapours
   459 | D:4      | Reached XP level 3. HP: 21/21 MP: 0/6
   534 | D:4      | Found a staircase to the Ecumenical Temple.
   540 | Temple   | Entered the Ecumenical Temple
   545 | Temple   | Became a worshipper of Gozag Ym Sagoz the Greedy
   657 | D:1      | Reached skill level 5 in Poison Magic
   750 | D:1      | Found Dunosm's One-of-a-Kind Rings.
  1631 | D:2      | Reached XP level 4. HP: 22/27 MP: 0/7
  1774 | D:2      | Reached skill level 6 in Poison Magic
  1815 | D:2      | Found Jetott's Book Shop.
  2645 | D:3      | Reached XP level 5. HP: 30/31 MP: 5/8
  2650 | D:3      | Found Pidug's Assorted Antiques.
  2951 | D:3      | Noticed Natasha
  2958 | D:3      | Killed Natasha
  2959 | D:3      | Reached skill level 7 in Poison Magic
  3188 | D:3      | Noticed Natasha
  3199 | D:3      | Killed Natasha
  4243 | D:3      | Noticed Natasha
  4249 | D:3      | Killed Natasha
  4513 | D:4      | Reached skill level 8 in Poison Magic
  4513 | D:4      | Reached XP level 6. HP: 36/36 MP: 0/9
  4759 | D:5      | Entered Level 5 of the Dungeon
  5057 | D:5      | Reached skill level 9 in Poison Magic
  5236 | D:5      | Noticed Grinder
  5256 | D:5      | Reached XP level 7. HP: 41/41 MP: 9/11
  5306 | D:5      | Killed Grinder
  5953 | D:5      | Learned a level 4 spell: Olgreb's Toxic Radiance
  5967 | D:5      | Noticed Edmund
  6009 | D:5      | Reached skill level 5 in Spellcasting
  6055 | D:5      | Killed Edmund
  6056 | D:5      | Reached XP level 8. HP: 20/46 MP: 1/16
  6846 | D:6      | Reached skill level 1 in Fighting
  6961 | D:6      | Found a bloodstained altar of Trog.
  6961 | D:6      | Found a snail-covered altar of Cheibriados.
  7018 | D:6      | Found an ancient bone altar of Kikubaaqudgha.
  7018 | D:6      | Found a shadowy altar of Dithmenos.
  7021 | D:6      | Found a stormy altar of Qazlal.
  7034 | D:6      | Found a glowing drain.
  7058 | Sewer    | Entered a sewer
  7270 | D:6      | Identified the +2 pair of gloves of the Iron Devil {*Slow
                  | Regen+ Int+3 Stlth+}
  7811 | D:1      | Bought the ring "Xesoecapt" {rC+ rN+ Str-2 Int+9 Dex+3} for
                  | 743 gold pieces
  7974 | D:3      | Bought a scroll labelled WIADGH SAGANWEE for 18 gold pieces
  8278 | D:7      | HP: 1/54 [orc warrior/+0 halberd (19)]
  8280 | D:7      | Shot with a bolt by an orc warrior

Illustrated notes

Levels and vault maps discovered:
D:1:      kennysheep_arrival_forest, layout_rooms,
          hellmonk_ecumenical_altar_lost_god, nicolae_shop_unique_rings,
          serial_bayou_ford_a
D:2:      layout_basic, serial_shops, nicolae_shop_trees
D:3:      kennysheep_big_flooded_room, layout_loops_ring, serial_shops,
          nicolae_lakefront_shop, uniq_natasha
D:4:      layout_rooms, minmay_temple_entry_fiery
D:5:      layout_loops_ring, uniq_grinder, uniq_edmund
D:6:      layout_rooms, nicolae_overflow_hidden_temple, portal_sewer_entry_b
D:7:      layout_loops_ring, minmay_crystal_room, kennysheep_cluttered_room,
          minmay_strange_pillars, grunt_ministairs_2, kennysheep_generic_room_12
Temple:   minmay_freezing_vapour_temple

Skill      XL: |  1  2  3  4  5  6  7  8 |
---------------+-------------------------+-----
Poison Magic   | 4 5 6 8 9 |  9.0
Spellcasting   | 5 6 |  6.0
Fighting       | 3 |  3.9
Dodging        | 4 |  4.5
Stealth        | |  2.6
Transmutations | |  1.0

Action                   |  1- 3 |  4- 6 |  7- 9 || total
-------------------------+-------+-------+-------++-------
Melee: Unarmed           |    16 |       |       ||    16
       Constrict         |    12 |    14 |    17 ||    43
       Tentacles         |    11 |     8 |    24 ||    43
       Spear             |    35 |    65 |    83 ||   183
       Punch             |       |     1 |       ||     1
 Cast: Sting             |    13 |     1 |       ||    14
       Poisonous Vapours |    17 |    54 |    58 ||   129
       Olgreb's Toxic Ra |       |       |     7 ||     7
  Use: Scroll            |       |       |     4 ||     4
 Stab: Sleeping          |     2 |     7 |     2 ||    11
       Distracted        |       |     1 |       ||     1
Armor: Skin              |     2 |     9 |     3 ||    14
Dodge: Dodged            |    30 |    47 |    40 ||   117
